 Dungeon Crawl Stone Soup version 0.19-a0-1834-g6b7851e (webtiles) character file.

1066 4thArraOfDagon the Ruffian (level 8, -6/70 HPs)
             Began as a Troll Necromancer on Oct 9, 2016.
             Was a Believer of Dithmenos.
             Mangled by an orc warrior
             ... wielding a cursed -1 halberd
              (37 damage)
             ... in a bailey.
             The game lasted 00:09:50 (2026 turns).

4thArraOfDagon the Ruffian (Troll Necromancer)      Turns: 2026, Time: 00:09:50

Health: -6/70      AC:  6    Str: 17    XL:     8   Next: 7%
Magic:  9/9        EV: 10    Int: 13    God:    Dithmenos [**....]
Gold:   100        SH:  0    Dex: 13    Spells: 2 memorised, 4 levels left

rFire  . . .     SeeInvis .       - Unarmed
rCold  . . .     Gourm    +     a - +0 robe
rNeg   . . .     Faith    .     (no shield)
rPois  .         Spirit   .     (helmet restricted)
rElec  .         Dismiss  .     t - +0 cloak
rCorr  .         Reflect  .     (gloves unavailable)
MR     .....     Harm     .     (boots unavailable)
Stlth  +++.......               r - amulet of magic regeneration
                                g - +3 ring of dexterity
                                e - ring of stealth

@: about to teleport, wreathed by umbra
A: unfitting armour, claws 3, horns 1, talons 1, blink, fast metabolism 3,
gourmand, regeneration 1, shaggy fur 1, tough skin 2
a: Blink, Shadow Step, Renounce Religion


You were in a bailey.
You worshipped Dithmenos.
Dithmenos was pleased with you.
You were very full.

You visited 1 branch of the dungeon, and saw 7 of its levels.
You also visited: Ossuary and Bailey.

You collected 100 gold pieces.

Inventory:

Armour
 a - a +0 robe (worn)
 t - a +0 cloak (worn)
Jewellery
 e - a ring of stealth (left claw)
 g - a +3 ring of dexterity (right claw)
 r - an amulet of magic regeneration (around neck)
Wands
 s - a wand of digging (11/24)
Scrolls
 d - 2 scrolls of fog {unknown}
 f - 5 scrolls of remove curse
 h - 2 scrolls of identify
 i - a scroll of holy word {unknown}
 j - a scroll of random uselessness {unknown}
 k - a scroll of enchant armour {unknown}
 m - 2 scrolls of fear {unknown}
 o - a scroll of teleportation
Potions
 l - a potion of haste
Books
 b - a book of Necromancy

   Spells                             Type                      Level
   a - Pain                           Necromancy                   1
   b - Animate Skeleton               Necromancy                   1
   c - Vampiric Draining              Necromancy                   3
   d - Regeneration                   Charms/Necromancy            3
   e - Animate Dead                   Necromancy                   4
   f - Control Undead                 Necromancy                   4
Comestibles
 c - 6 bread rations
 n - a beef jerky
 q - a meat ration


   Skills:
 + Level 1.2 Fighting
 + Level 2.5 Dodging
 - Level 1.0 Stealth
 * Level 7.8 Unarmed Combat
 + Level 1.8 Spellcasting
   Level 3.2 Necromancy
 * Level 2.2 Transmutations
 - Level 0.3 Invocations


You had 4 spell levels left.
You knew the following spells:

 Your Spells              Type           Power        Failure   Level  Hunger
b - Apportation           Tloc           #.........   30%         1    ##.....
c - Blade Hands           Tmut           #.........   100%        5    ######.


Dungeon Overview and Level Annotations

Branches:
Dungeon (7/15)             Temple (0/1) D:6

Altars:
Dithmenos
Vehumet
Xom

Shops:
D:7 [


Innate Abilities, Weirdness & Mutations

You are too large for most types of armour.
You have claws for hands.
Your metabolism is lightning-fast.
You like to eat raw meat.
Your natural rate of healing is unusually fast.
You are covered in fur. (AC +1)
You have very tough skin. (AC +2)
You have a pair of small horns on your head.
You have sharp toenails.
You can translocate small distances at will.


Message History

You hear a shout!
Unknown command.
Unknown command.
An orc warrior opens the door.
Unknown command.
Unknown command.
The orc knight roars a battlecry!
Unknown command.
The orc knight shouts!
Okay, then.
Press: ? - help, v - describe, . - travel
Here: an orc warrior, wielding an enchanted halberd and wearing a ring mail (unusually strong, umbra)
The floor.
Unknown command.
Unknown command.
As you read the scroll of teleportation, it crumbles to dust.
You feel strangely unstable.
The orc warrior hits you from afar with an enchanted halberd!!!
Ouch! That really hurt!
You die...

##########..≈≈..###..≈≈..##
#..........≈≈..## ##..≈≈...
#.≈≈≈≈≈≈≈≈≈≈..##.∩.##..≈≈≈≈
#.≈........).##.....##...).
#.≈.#########'###+#########
#.≈.## ##........ #.≈..##
##..≈≈≈≈≈≈≈ #.≈≈..##
##..≈≈.....§ #∩.≈≈..#
#@.≈≈oo⌠⌠⌠..
##.≈≈..#+#..≈≈oo.⌠... #+
#.≈≈..##.##o.≈≈.....≈ ##.
#.≈..##...#'..≈≈§≈≈≈≈ #.$
#.≈.##.....##........ #.$$
#.≈)#############+## ####
#.≈....).....## #..
#.≈≈≈≈≈≈≈≈≈≈..## #####.≈
#..........≈≈..## #...##..


You could see 3 orc knights and 2 orc warriors.

Vanquished Creatures
  An ice beast (D:6)
  An ogre (D:5)
  An orc warrior (Bailey)
  2 centaurs
  A wyvern zombie (D:6)
  A bullfrog (D:6)
  A scorpion (D:5)
  Crazy Yiuf (D:6)
  4 hounds
  Natasha (D:3)
  A bullfrog skeleton (D:6)
  12 mummies (Ossuary)
  4 adders
  A shadow imp (D:6)
  An adder skeleton (D:4)
  A worm (D:6)
  A leopard gecko (D:7)
  10 orcs
  A giant cockroach (D:4)
  5 goblins
  5 jackals
  A kobold (D:3)
  3 quokkas
  3 bats
  A frilled lizard (D:2)
  4 gnoll skeletons (Ossuary)
  A kobold skeleton (Ossuary)
  A leopard gecko skeleton (D:6)
  A leopard gecko zombie (D:7)
  3 orc skeletons (Ossuary)
  A rat (D:2)
  11 rat skeletons (Ossuary)
86 creatures vanquished.

Vanquished Creatures (others)
  Natasha (D:3)
1 creature vanquished.

Grand Total: 87 creatures vanquished

Notes
Turn   | Place    | Note
-------+----------+-------------------------------------------
     0 | D:1      | 4thArraOfDagon the Troll Necromancer began the quest for the Orb.
     0 | D:1      | Reached XP level 1. HP: 16/16 MP: 1/1
   216 | D:2      | Reached skill level 1 in Unarmed Combat
   223 | D:2      | Found a shimmering altar of Xom.
   246 | D:2      | Reached XP level 2. HP: 18/24 MP: 2/2
   276 | D:3      | Noticed Natasha
   281 | D:3      | Killed Natasha
   281 | D:3      | Reached skill level 2 in Unarmed Combat
   281 | D:3      | Reached XP level 3. HP: 26/31 MP: 3/3
   289 | D:3      | Killed Natasha
   294 | D:3      | Learned a level 1 spell: Apportation
   299 | D:3      | Reached skill level 3 in Unarmed Combat
   318 | D:3      | Found a radiant altar of Vehumet.
   437 | D:4      | You fall through a shaft for 2 floors!
   444 | D:5      | Entered Level 5 of the Dungeon
   459 | D:6      | Noticed a bullfrog
   492 | D:5      | Noticed an ogre
   497 | D:5      | Noticed a scorpion
   513 | D:5      | Reached XP level 4. HP: 39/39 MP: 4/4
   520 | D:5      | Killed an ogre
   520 | D:5      | Reached skill level 5 in Unarmed Combat
   520 | D:5      | Reached XP level 5. HP: 39/45 MP: 5/5
   771 | D:5      | Reached skill level 6 in Unarmed Combat
   771 | D:5      | Reached XP level 6. HP: 42/53 MP: 6/6
   797 | D:3      | Found a shadowy altar of Dithmenos.
   803 | D:3      | Became a worshipper of Dithmenos the Shadowed
   974 | D:4      | Found a sand-covered staircase.
   986 | Ossuary  | Entered an ossuary
  1072 | Ossuary  | Reached * piety under Dithmenos
  1178 | Ossuary  | Reached skill level 7 in Unarmed Combat
  1344 | D:6      | Reached XP level 7. HP: 59/59 MP: 7/7
  1378 | D:6      | Learned a level 5 spell: Blade Hands
  1457 | D:6      | Found a staircase to the Ecumenical Temple.
  1488 | D:6      | Reached skill level 1 in Transmutations
  1559 | D:6      | Reached skill level 1 in Fighting
  1588 | D:6      | Found a runed door.
  1592 | D:6      | Noticed Crazy Yiuf
  1596 | D:6      | Killed Crazy Yiuf
  1653 | D:7      | Gained mutation: You have a pair of small horns on your head. [potion of mutation]
  1653 | D:7      | Gained mutation: You have sharp toenails. [potion of mutation]
  1653 | D:7      | Gained mutation: You can translocate small distances at will. [potion of mutation]
  1722 | D:7      | Found Bycheusm's Antique Armour Boutique.
  1761 | D:7      | Reached ** piety under Dithmenos
  1770 | D:7      | Found a flagged portal.
  1784 | Bailey   | Entered a bailey
  1907 | Bailey   | Reached XP level 8. HP: 28/70 MP: 9/9
  2014 | Bailey   | Noticed an orc knight
  2014 | Bailey   | Noticed an orc knight
  2014 | Bailey   | Noticed an orc knight
  2026 | Bailey   | Mangled by an orc warrior

Vault maps used:
D:1:      nicolae_arrival_memento_mori
D:2:      xom_teletrap_fun, first_bread, minmay_goblin_kobold_house
D:3:      lemuel_upstairs_altar, old_standard_altar, fiery_altar_vehumet,
          uniq_grinder, uniq_natasha
D:4:      dancing_weapons_uskayaw, lemuel_round_altar, gup_sewer_entry_bubbles,
          lightli_ossuary_entry_decrepit_ruins
D:5:      kennysheep_vampire_church
D:6:      overflow_temple_1_default, nicolae_qazlal_eye_of_the_storm,
          uniq_crazy_yiuf_cottage
D:7:      kennysheep_mini, serial_shops, nicolae_shop_statue_plus, shop,
          enter_bailey_3, the_bakery
Ossuary:  ossuary_due_small_catacomb
Bailey:   bailey_polearm_1, bailey

Skill      XL: |  1  2  3  4  5  6  7 |
---------------+----------------------+-----
Unarmed Combat | 1 2 3 5 6 7 |  7.8
Transmutations | 2 |  2.2
Dodging        | 2 |  2.5
Fighting       | 1 |  1.2
Stealth        | |  1.0
Spellcasting   | |  1.8
Necromancy     | |  3.2
Invocations    | |  0.3

Action                   |  1- 3 |  4- 6 |  7- 9 || total
-------------------------+-------+-------+-------++-------
Melee: Unarmed           |    63 |   117 |    89 ||   269
       Punch             |       |     3 |     2 ||     5
       Kick              |       |       |    11 ||    11
       Headbutt          |       |       |    11 ||    11
Evoke: Wand              |       |       |     3 ||     3
  Use: Scroll            |     3 |       |     6 ||     9
       Potion            |     2 |       |     1 ||     3
 Stab: Sleeping          |     2 |     6 |     5 ||    13
  Eat: Chunk             |     7 |     5 |    11 ||    23
Armor: Robe              |    55 |    19 |     9 ||    83
       Skin              |     4 |     4 |       ||     8
Dodge: Dodged            |    51 |    29 |    39 ||   119
